 Dungeon Sprint DCSS version 0.21-a0-396-ga924934 (webtiles) character file.

19344 Kidiri the Eclecticist (level 12, -24/75 HPs)
             Began as a Deep Elf Fire Elementalist on Oct 19, 2017.
             Was the Champion of Vehumet.
             Annihilated by an alligator snapping turtle (28 damage)
             ... in the Dungeon (Sprint III: "The Ten Rune Challenge").
             The game lasted 00:21:53 (4632 turns).

Kidiri the Eclecticist (Deep Elf Fire Elementalist) Turns: 4632, Time: 00:21:54

Health: -24/75     AC:  6    Str:  5    XL:     12   Next: 35%
Magic:  9/46       EV: 19    Int: 30    God:    Vehumet [******]
Gold:   65         SH:  0    Dex: 12    Spells: 5/50 levels left

rFire    + . .     SeeInvis .   u - +0 dagger
rCold    + . .     Gourm    .   (no shield)
rNeg     . . .     Faith    .   b - +2 robe
rPois    .         Spirit   .   (no helmet)
rElec    .         Reflect  .   l - +0 cloak
rCorr    .         Harm     .   (no gloves)
MR       ++...     NoTele   +   (no boots)
Stlth    +++.......             (no amulet)
HPRegen  0.22/turn              A - ring "Suraol" {rC+ MR+ MP+9 Dex-5 Stlth+}
MPRegen  0.30/turn              (no ring)

@: no status effects
A: talons 1, agile 1, clever 2, fire resistance 1
a: Renounce Religion


You were in the Dungeon.
You worshipped Vehumet.
Vehumet was exalted by your worship.
You were not hungry.

You visited 1 branch You collected 65 gold pieces.

Inventory:

Hand Weapons
 u - a +0 dagger (weapon)
Armour
 b - a +2 robe (worn)
 l - a +0 cloak (worn)
Jewellery
 A - the ring "Suraol" (left hand) {rC+ MR+ MP+9 Dex-5 Stlth+}
   (You found it in the Dungeon)

   [ring of magical power]

   It affects your dexterity (-5).
   It protects you from cold.
   It affects your resistance to hostile enchantments.
   It affects your magic capacity (+9).
   It makes you more stealthy.
Scrolls
 a - a scroll of immolation
 j - a scroll of torment
 n - 2 scrolls of remove curse
 o - a scroll of holy word {unknown}
 p - 2 scrolls of fog {unknown}
 x - a scroll of enchant armour {unknown}
 C - 2 scrolls of enchant weapon {unknown}
Potions
 f - 2 potions of haste
 g - a potion of magic
 h - a potion of berserk rage
 r - a potion of flight
 s - 2 potions of mutation
Comestibles
 m - a meat ration
 q - 29 royal jellies
 z - a bread ration


   Skills:
 + Level 8.9 Fighting
 + Level 10.1 Short Blades
 + Level 8.8 Armour
 + Level 12.4 Dodging
 - Level 2.4 Stealth
 * Level 19.7 Spellcasting
 + Level 12.6 Conjurations
 + Level 13.0 Fire Magic
 + Level 6.5 Ice Magic
 + Level 4.5 Earth Magic
 + Level 8.4 Poison Magic


You had 5 spell levels left.
You knew the following spells:

 Your Spells              Type           Power        Failure   Level  Hunger
a - Flame Tongue          Conj/Fire      #####        0%          1    None
b - Throw Flame           Conj/Fire      ######       0%          2    None
c - Conjure Flame         Conj/Fire      #######.     0%          3    None
d - Inner Flame           Hex/Fire       ######..     1%          3    None
e - Sticky Flame          Conj/Fire      #######.     1%          4    None
f - Fireball              Conj/Fire      #######...   1%          5    None
g - Bolt of Magma         Conj/Fire/Erth ######....   1%          5    None
h - Bolt of Fire          Conj/Fire      #######...   1%          6    None
i - Bolt of Cold          Conj/Ice       ######....   1%          6    None
j - Iron Shot             Conj/Erth      ######....   1%          6    None
k - Olgreb's Toxic Radia  Pois           ######..     1%          4    None


Dungeon Overview and Level Annotations

Branches:
Dungeon (1/1)

Altars:
Cheibriados
Dithmenos
Elyvilon
Fedhas
Gozag
Hepliaklqana
Kikubaaqudgha
Makhleb
Nemelex Xobeh
Okawaru
Qazlal
Ru
Sif Muna
Trog
Uskayaw
Vehumet
Wu Jian
Xom
Yredelemnul
Zin
The Shining One
Beogh
Jiyva
Lugonu

Shops:
D %:(

Annotations:
D exclusion: 6 doors


Innate Abilities, Weirdness & Mutations

You have sharp toenails.
You are agile. (Dex +2)
Your mind is very acute. (Int +4)
Your flesh is heat resistant. (rF+)


Message History

The fireball engulfs the alligator snapping turtle.
The alligator snapping turtle is heavily wounded.
The alligator snapping turtle bites you from afar!!
Unknown command.
Unknown command.
Casting: Fireball
Confirm with . or Enter, or press ? or * to list all spells.
Aiming: Fireball
Press: ? - help, Shift-Dir - straight line, f/p - alligator snapping turtle
Aim: an alligator snapping turtle (steam, water, moderately wounded)
The fireball explodes!
The fireball engulfs the alligator snapping turtle.
The alligator snapping turtle is almost dead.
The fireball engulfs the alligator snapping turtle.
The alligator snapping turtle is heavily wounded.
The alligator snapping turtle bites you from afar!!!
Ouch! That really hurt!
* * * LOW HITPOINT WARNING * * *
The alligator snapping turtle bites you from afar!!
You die...

#≈≈≈§≈§≈≈≈♣♣♣♣♣♣♣#..♣♣
#≈≈≈≈≈≈.≈≈♣ ###+♣♣♣♣♣♣♣
▓##+####'#######♣
♣♣♣♣.##..##≈
▓........)......♣♣
♣...##.##.#≈
▓#+#############'♣
♣♣.##.##(##+ #≈P....%%.%..♣
♣..#.##.).#
..+≈≈...########♣♣
♣♣.##.##..#
JJ#≈≈≈.........PP♣
♣♣.##.#####
..#≈≈≈≈P...P.@..P♣
♣.....##... #
###########'#############+##
▓tt...... #.♣♣ ▓§§§.....
#♣.♣ ▓≈≈≈.P..P ♣.♣ ▓≈≈≈≈≈..≈
♣♣. ▓≈≈≈≈≈≈≈≈ ♣.♣ ▓≈≈≈≈≈≈≈≈
♣.♣ ▓≈§≈≈≈≈≈≈ ♣.%


You could see 2 alligator snapping turtles.

Vanquished Creatures
  Rupert (D)
  2 hydras (D)
  A centaur warrior (D)
  Erica (D)
  4 death yaks (D)
  Urug (D)
  A spriggan druid (D)
  A death drake (D)
  2 unseen horrors (D)
  A lindwurm (D)
  A deep elf mage (D)
  2 black mambas (D)
  2 spiny frogs (D)
  A komodo dragon (D)
  A rime drake (D)
  3 wandering mushrooms (D)
  A queen bee (D)
  2 tyrant leeches (D)
  8 blink frogs (D)
  2 snapping turtles (D)
  3 redbacks (D)
  2 spriggans (D)
  A shadow (D)
  A spatial vortex (D)
  A hydra simulacrum (D)
  3 swamp drakes (D)
  A black mamba simulacrum (D)
  A necrophage (D)
  2 centaurs (D)
  A water elemental (D)
  32 killer bees (D)
  An electric eel (D)
  A jelly (D)
  Crazy Yiuf (D)
  A wizard (D)
  A necromancer (D)
  2 polar bear simulacra (D)
  3 humans (D)
  A kobold demonologist (D)
  2 oozes (D)
  2 rats (D)
  A fungus (D)
  4 plants (D)
106 creatures vanquished.

Vanquished Creatures (others)
  2 draconian scorchers (D)
  6 hellions (D)
  2 yaktaurs (D)
  2 fungi (D)
12 creatures vanquished.

Grand Total: 118 creatures vanquished

Notes
Turn   | Place    | Note
-------+----------+-------------------------------------------
     0 | D        | Kidiri the Deep Elf Fire Elementalist began the quest for the Orb.
     0 | D        | Reached XP level 1. HP: 10/10 MP: 6/6
     8 | D        | Reached skill level 4 in Spellcasting
    40 | D        | Reached skill level 5 in Spellcasting
    40 | D        | Reached XP level 2. HP: 15/15 MP: 6/10
    49 | D        | Learned a level 2 spell: Throw Flame
   114 | D        | Reached skill level 6 in Spellcasting
   114 | D        | Reached XP level 3. HP: 7/19 MP: 4/12
   119 | D        | Learned a level 3 spell: Conjure Flame
   123 | D        | Learned a level 3 spell: Inner Flame
   135 | D        | Killed a hellion
   136 | D        | Killed a hellion
   144 | D        | Killed a hellion
   146 | D        | Killed a hellion
   165 | D        | Killed a white draconian scorcher
   166 | D        | Killed a white draconian scorcher
   176 | D        | Killed a hellion
   178 | D        | Killed a hellion
   310 | D        | Noticed Crazy Yiuf
   314 | D        | Killed Crazy Yiuf
   314 | D        | Reached skill level 7 in Spellcasting
   314 | D        | Reached skill level 5 in Fire Magic
   368 | D        | Gained mutation: Your magical capacity is low. (-10% MP) [potion of mutation]
   368 | D        | Gained mutation: You are dopey. (Int -2) [potion of mutation]
   368 | D        | Gained mutation: Your flesh is heat resistant. (rF+) [potion of mutation]
   369 | D        | Lost mutation: You are dopey. (Int -2) [potion of mutation]
   369 | D        | Lost mutation: Your magical capacity is low. (-10% MP) [potion of mutation]
   369 | D        | Lost mutation: Your flesh is heat resistant. (rF+) [potion of mutation]
   369 | D        | Gained mutation: Your muscles are strong. (Str +2) [potion of mutation]
   369 | D        | Gained mutation: You are frail. (-10% HP) [potion of mutation]
   369 | D        | Gained mutation: Your flesh is cold resistant. (rC+) [potion of mutation]
   370 | D        | Lost mutation: You are frail. (-10% HP) [potion of mutation]
   370 | D        | Lost mutation: Your flesh is cold resistant. (rC+) [potion of mutation]
   370 | D        | Lost mutation: Your muscles are strong. (Str +2) [potion of mutation]
   370 | D        | Gained mutation: Your mind is acute. (Int +2) [potion of mutation]
   370 | D        | Gained mutation: Your body sometimes deteriorates upon taking damage. [potion of mutation]
   370 | D        | Gained mutation: Your spells are a little harder to cast, but a little more powerful. [potion of mutation]
   371 | D        | Lost mutation: Your mind is acute. (Int +2) [potion of mutation]
   371 | D        | Lost mutation: Your spells are a little harder to cast, but a little more powerful. [potion of mutation]
   371 | D        | Gained mutation: You possess an exceptional clarity of mind. [potion of mutation]
   371 | D        | Gained mutation: You are agile. (Dex +2) [potion of mutation]
   371 | D        | Gained mutation: You have sharp toenails. [potion of mutation]
   371 | D        | Killed a yaktaur
   372 | D        | Lost mutation: You possess an exceptional clarity of mind. [potion of mutation]
   372 | D        | Lost mutation: Your body sometimes deteriorates upon taking damage. [potion of mutation]
   372 | D        | Gained mutation: Your flesh is heat resistant. (rF+) [potion of mutation]
   372 | D        | Gained mutation: Your mind is acute. (Int +2) [potion of mutation]
   372 | D        | Gained mutation: Your mind is very acute. (Int +4) [potion of mutation]
   390 | D        | Noticed a water elemental
   393 | D        | Killed a water elemental
   393 | D        | Reached skill level 9 in Spellcasting
   393 | D        | Reached skill level 5 in Conjurations
   393 | D        | Reached XP level 4. HP: 24/24 MP: 9/17
   400 | D        | Learned a level 4 spell: Sticky Flame
   443 | D        | Found a radiant altar of Vehumet.
   444 | D        | Found a deep blue altar of Sif Muna.
   444 | D        | Found an ancient bone altar of Kikubaaqudgha.
   444 | D        | Noticed a wizard
   448 | D        | Killed a wizard
   448 | D        | Reached XP level 5. HP: 14/28 MP: 12/19
   451 | D        | Noticed a neqoxec
   451 | D        | Reached skill level 10 in Spellcasting
   465 | D        | Learned a level 5 spell: Fireball
   473 | D        | Became a worshipper of Vehumet
   595 | D        | Found a glowing silver altar of Zin.
   596 | D        | Found a glowing golden altar of the Shining One.
   596 | D        | Found a white marble altar of Elyvilon.
   596 | D        | Noticed a deep elf mage
   602 | D        | Killed a deep elf mage
   602 | D        | Reached skill level 5 in Dodging
   602 | D        | Reached skill level 12 in Spellcasting
   602 | D        | Reached XP level 6. HP: 18/36 MP: 10/23
   602 | D        | Reached XP level 7. HP: 20/40 MP: 10/24
   750 | D        | Found an ornate altar of the Wu Jian Council.
   750 | D        | Found a roughly hewn altar of Beogh.
   750 | D        | Found an iron altar of Okawaru.
   750 | D        | Found a bloodstained altar of Trog.
   750 | D        | Found a hide-covered altar of Uskayaw.
   750 | D        | Noticed a human
   750 | D        | Noticed a human
   756 | D        | Killed a human
   759 | D        | Killed a human
   759 | D        | Reached * piety under Vehumet
   759 | D        | Offered knowledge of Magic Dart by Vehumet.
   871 | D        | Found a basalt altar of Yredelemnul.
   871 | D        | Found a shadowy altar of Dithmenos.
   871 | D        | Found a sacrificial altar of Ru.
   876 | D        | Reached skill level 13 in Spellcasting
   930 | D        | Noticed a shadow
   932 | D        | Killed a shadow
   932 | D        | Reached ** piety under Vehumet
   932 | D        | Reached XP level 8. HP: 47/47 MP: 21/27
   970 | D        | Found a blossoming altar of Fedhas.
   970 | D        | Found a stormy altar of Qazlal.
   970 | D        | Found a snail-covered altar of Cheibriados.
   970 | D        | Found a burning altar of Makhleb.
   970 | D        | Found a shimmering altar of Xom.
   971 | D        | Found a hazy altar of Hepliaklqana.
   971 | D        | Found an opulent altar of Gozag.
   971 | D        | Found a sparkling altar of Nemelex Xobeh.
   971 | D        | Found a corrupted altar of Lugonu.
   971 | D        | Found a viscous altar of Jiyva.
   982 | D        | Offered knowledge of Freeze by Vehumet.
  1034 | D        | Noticed Erica
  1037 | D        | Killed Erica
  1037 | D        | Reached skill level 5 in Short Blades
  1037 | D        | Reached skill level 14 in Spellcasting
  1317 | D        | Noticed a centaur warrior
  1319 | D        | Offered knowledge of Ignite Poison by Vehumet.
  1319 | D        | Reached *** piety under Vehumet
  1319 | D        | Reached skill level 5 in Fighting
  1319 | D        | Reached XP level 9. HP: 28/53 MP: 19/29
  1324 | D        | Killed a centaur warrior
  1324 | D        | Reached skill level 5 in Armour
  1324 | D        | Reached skill level 15 in Spellcasting
  1324 | D        | Reached skill level 10 in Fire Magic
  1602 | D        | Noticed an unseen horror
  1605 | D        | Killed an unseen horror
  1605 | D        | Offered knowledge of Olgreb's Toxic Radiance by Vehumet.
  1611 | D        | Learned a level 4 spell: Olgreb's Toxic Radiance
  1618 | D        | Killed an unseen horror
  1618 | D        | Reached **** piety under Vehumet
  1618 | D        | Reached skill level 16 in Spellcasting
  1618 | D        | Reached skill level 10 in Conjurations
  1618 | D        | Reached skill level 1 in Poison Magic
  1863 | D        | Offered knowledge of Static Discharge by Vehumet.
  1864 | D        | Reached XP level 10. HP: 51/60 MP: 32/32
  1864 | D        | Reached ***** piety under Vehumet
  1866 | D        | Reached ****** piety under Vehumet
  2150 | D        | Offered knowledge of Spellforged Servitor by Vehumet.
  2184 | D        | Reached skill level 10 in Dodging
  2201 | D        | Reached skill level 17 in Spellcasting
  2262 | D        | Noticed a spiny frog
  2262 | D        | Noticed a spiny frog
  2265 | D        | Killed a spiny frog
  2270 | D        | Killed a spiny frog
  2590 | D        | Offered knowledge of Bolt of Cold by Vehumet.
  2590 | D        | Reached skill level 5 in Poison Magic
  2626 | D        | Learned a level 6 spell: Bolt of Cold
  2728 | D        | Noticed a lindwurm
  2729 | D        | Reached skill level 1 in Ice Magic
  2731 | D        | Killed a lindwurm
  2731 | D        | Reached XP level 11. HP: 39/67 MP: 17/34
  3019 | D        | Noticed Urug
  3024 | D        | Killed Urug
  3119 | D        | Offered knowledge of Bolt of Fire by Vehumet.
  3127 | D        | Learned a level 6 spell: Bolt of Fire
  3162 | D        | Noticed an eight-headed hydra
  3162 | D        | Noticed a six-headed hydra
  3163 | D        | Killed an eight-headed hydra
  3163 | D        | Reached skill level 18 in Spellcasting
  3165 | D        | Killed a six-headed hydra
  3208 | D        | Got a twisted spear
  3211 | D        | Got a fine lajatang
  3216 | D        | Got a fine marble ring
  3218 | D        | Identified the ring "Suraol" {rC+ MR+ MP+9 Dex-5 Stlth+} (You found it in the Dungeon)
  3220 | D        | Identified the +12 spear of Fortitude {antimagic, +Fly Str+4} (You found it in the Dungeon)
  3221 | D        | Lost strength.
  3221 | D        | Identified the +9 lajatang of Untimely Demise {freeze, rElec rN+ Str-5 Int+3} (You found it in the Dungeon)
  3323 | D        | Noticed a death drake
  3327 | D        | Killed a death drake
  3334 | D        | Found a blossoming altar of Fedhas.
  3334 | D        | Noticed a spriggan druid
  3334 | D        | Paralysed by a spriggan for 4 turns
  3338 | D        | Offered knowledge of Bolt of Magma by Vehumet.
  3342 | D        | Killed a spriggan druid
  3596 | D        | Learned a level 5 spell: Bolt of Magma
  3665 | D        | Found Umonae's Food Emporium.
  3665 | D        | Found Ajaiz's Book Shop.
  3674 | D        | Found Pyotostre's Antique Weapon Shoppe.
  3822 | D        | Reached skill level 1 in Earth Magic
  3829 | D        | Offered knowledge of Iron Shot by Vehumet.
  3855 | D        | Learned a level 6 spell: Iron Shot
  3957 | D        | Noticed Rupert
  3963 | D        | Killed Rupert
  3963 | D        | Reached skill level 19 in Spellcasting
  3963 | D        | Reached skill level 5 in Ice Magic
  3963 | D        | Reached XP level 12. HP: 30/75 MP: 11/37
  4167 | D        | Noticed a death yak
  4168 | D        | Noticed a death yak
  4171 | D        | Noticed a death yak
  4171 | D        | Killed a death yak
  4172 | D        | Noticed a death yak
  4172 | D        | Killed a death yak
  4174 | D        | Offered knowledge of Conjure Ball Lightning by Vehumet.
  4175 | D        | Killed a death yak
  4178 | D        | Killed a death yak
  4178 | D        | Reached skill level 10 in Short Blades
  4186 | D        | Noticed an azure jelly
  4186 | D        | Noticed an azure jelly
  4491 | D        | Noticed a kraken
  4498 | D        | Noticed an alligator snapping turtle
  4499 | D        | Noticed an alligator snapping turtle
  4627 | D        | Noticed an alligator snapping turtle
  4632 | D        | Annihilated by an alligator snapping turtle

Vault maps used:
D:        dungeon_sprint_mu

Skill      XL: |  1  2  3  4  5  6  7  8  9 10 11 12 |
---------------+-------------------------------------+-----
Spellcasting   | 5 6 9 12 13 14 16 17 19 | 19.7
Conjurations   | 2 3 5 7 8 9 10 11 12 | 12.6
Fire Magic     | 4 6 8 9 10 11 12 13 | 13.0
Fighting       | 2 4 5 6 7 8 |  8.9
Short Blades   | 3 4 6 8 9 10 | 10.1
Armour         | 2 3 4 6 7 8 |  8.8
Dodging        | 5 6 7 9 10 11 12 | 12.4
Poison Magic   | 2 5 7 8 |  8.4
Ice Magic      | 1 5 6 |  6.5
Earth Magic    | 3 4 |  4.5
Stealth        | |  2.4

Action                   |  1- 3 |  4- 6 |  7- 9 | 10-12 || total
-------------------------+-------+-------+-------+-------++-------
Melee: Quarterstaff      |       |       |     2 |    53 ||    55
       Kick              |       |       |       |    20 ||    20
       Dagger            |       |       |       |     8 ||     8
 Cast: Flame Tongue      |    20 |     8 |    31 |    39 ||    98
       Conjure Flame     |     1 |       |     2 |     2 ||     5
       Sticky Flame      |       |     3 |     6 |    13 ||    22
       Fireball          |       |       |     9 |     7 ||    16
       Inner Flame       |       |       |     1 |       ||     1
       Olgreb's Toxic Ra |       |       |     1 |     3 ||     4
       Bolt of Cold      |       |       |       |     8 ||     8
       Bolt of Fire      |       |       |       |    37 ||    37
       Bolt of Magma     |       |       |       |     3 ||     3
       Iron Shot         |       |       |       |     5 ||     5
  Use: Potion            |     5 |       |     1 |     2 ||     8
       Scroll            |       |     3 |       |     2 ||     5
 Stab: Sleeping          |       |       |       |     3 ||     3
  Eat: Royal jelly       |       |       |     1 |       ||     1
       Bread ration      |       |       |       |     2 ||     2
       Fruit             |       |       |       |     6 ||     6
Armor: Robe              |       |     2 |     4 |     3 ||     9
Dodge: Dodged            |     4 |     4 |    14 |    54 ||    76

Table legend:
 A = Spawn XP
 B = Non-spawn XP
 C = Spawn XP percentage of total XP
 D = Spawn monster count
 E = Non-spawn monster count
 F = Spawn count percentage of total count
 G = Total turns spent on level
                    A         B        C        D         E        F      G
               +---------+---------+-------+---------+---------+-------+---------
         Total |       0 |   27635 |   0.0 |       0 |     101 |   0.0 |  4632
               +---------+---------+-------+---------+---------+-------+---------
             D |       0 |   27635 |   0.0 |       0 |     101 |   0.0 |  4632
               +---------+---------+-------+---------+---------+-------+---------
